 Dungeon Crawl Stone Soup version 0.29-a0-841-g116ddc6ace (webtiles) character file.

Game seed: 16878746690022771062

1625 reriks the Blocker (level 8, -8/52 HPs)
             Began as a Gargoyle Fighter on July 14, 2022.
             Was a Believer of Qazlal.
             Killed from afar by a centaur (17 damage)
             ... with a bolt of light
             ... on level 6 of the Dungeon.
             The game lasted 00:11:11 (7467 turns).

reriks the Blocker (Gargoyle Fighter)               Turns: 7467, Time: 00:11:12

Health: -8/52      AC: 15    Str: 23    XL:     8   Next: 97%
Magic:  8/8        EV:  9    Int:  8    God:    Qazlal [**....]
Gold:   89         SH:  8    Dex:  9    Spells: 7/7 levels left

rFire   + . .      SeeInvis .   a - +1 war axe
rCold   x . .      Faith    .   c - +0 buckler
rNeg    + . .      Spirit   .   b - +0 scale mail
rPois   ∞          Reflect  .   E - +1 hat
rElec   +          Harm     .   (no cloak)
rCorr   .          Rampage  .   t - +0 pair of gloves
Will    .....                   (no boots)
Stlth   ..........              (no amulet)
HPRegen 0.17/turn               l - +4 ring of slaying
MPRegen 0.11/turn               p - ring of fire

@: studying Shields
A: sickness immunity, AC +5, negative energy resistance 1, electricity
resistance, torment resistance 1, petrification resistance
a: Renounce Religion, Upheaval


You were on level 6 of the Dungeon.
You worshipped Qazlal.
Qazlal was pleased with you.
You visited 1 branch of the dungeon, and saw 6 of its levels.

You collected 313 gold pieces.
You spent 224 gold pieces at shops.

Inventory:

Hand Weapons
 a - a +1 war axe (weapon)
Missiles
 n - 4 javelins (quivered)
 y - 3 boomerangs
Armour
 b - a +0 scale mail (worn)
 c - a +0 buckler (worn)
 t - a +0 pair of gloves (worn)
 E - a +1 hat (worn)
Jewellery
 l - a +4 ring of slaying (left hand)
 p - a ring of fire (right hand)
 C - an amulet of faith
Wands
 o - a wand of flame (19)
Scrolls
 e - a scroll of fog
 j - a scroll of teleportation
 m - a scroll of torment
 s - a scroll of identify
 v - 3 scrolls of blinking {unknown}
 w - 2 scrolls of poison {unknown}
 x - a scroll of magic mapping {unknown}
 A - 2 scrolls of vulnerability {unknown}
 D - a scroll of summoning {unknown}
 F - a scroll of enchant armour {unknown}
Potions
 d - a potion of might
 f - a potion of magic {unknown}
 g - a potion of flight {unknown}
 h - 4 potions of degeneration
 i - 2 potions of berserk rage
 k - 2 potions of haste
 q - 2 potions of lignification
 r - 2 potions of curing {unknown}
 u - a potion of cancellation {unknown}
 z - a potion of mutation {unknown}
 B - a potion of heal wounds {unknown}


   Skills:
 + Level 6.9 Fighting
 + Level 5.2 Axes
 + Level 6.8 Armour
 + Level 8.3 Shields


You had 7 spell levels left.
You didn't know any spells.
Your spell library contained the following spells:

 Spells                   Type           Power      Damage    Failure   Level
 Blink                    Tloc           0%         N/A       88%         2
 Confusing Touch          Hex            0%         N/A       98%         3
 Frozen Ramparts          Ice            0%         1d2       98%         3
 Lesser Beckoning         Tloc           0%         N/A       98%         3
 Ozocubu's Armour         Ice            0%         N/A       98%         3
 Ice Form                 Ice/Tmut       0%         N/A       100%        4
 Olgreb's Toxic Radiance  Pois           0%         N/A       100%        4
 Summon Ice Beast         Ice/Summ       0%         N/A       100%        4
 Manifold Assault         Tloc           0%         N/A       100%        5
 Metabolic Englaciation   Hex/Ice        0%         N/A       100%        5
 Yara's Violent Unravell  Hex/Tmut       0%         3d3       100%        5
 Simulacrum               Ice/Necr       0%         N/A       100%        6
 Enfeeble                 Hex            0%         N/A       100%        7
 Ozocubu's Refrigeration  Ice            0%         4d5       100%        7
 Ignition                 Fire           0%         3d3       100%        8


Dungeon Overview and Level Annotations

Branches:
Dungeon (6/15)             Temple (0/1) D:4

Altars:
Okawaru
Qazlal
Trog

Shops:
D:2 (   D:4 *[([

Annotations:
D:4 2 runed translucent doors
D:5 3 runed translucent doors, zhov's ghost, novice DEHu


Innate Abilities, Weirdness & Mutations

You are immune to sickness and miasma.
Your stone body is resilient. (AC +5)
You are immune to poison.
You resist negative energy. (rN+)
You are resistant to electric shocks. (rElec)
You are resistant to unholy torment.
You are immune to petrification.


Message History

You slash the centaur!
You kill the centaur!
Qazlal accepts your kill.
F - a scroll labelled BESOSI ECHIXI
Things that are here:
a +0 shortbow; a +1 barding
Items here: ))) [ ÷.
There is a stone staircase leading up here.
You start resting.
A centaur comes into view.
It is wielding a +0 quarterstaff and carrying a wand of light (9).
The centaur unwields a +0 quarterstaff.
The centaur wields a +0 shortbow.
The centaur shoots an arrow.
You block the arrow.
The centaur shoots an arrow.
You block the arrow.
You climb upwards.
Level annotation: 3 runed translucent doors, zhov's ghost, novice DEHu
There is a stone staircase leading down here.
You start resting.
HP restored.
You climb downwards.
The centaur shoots an arrow.
You block the arrow.
The centaur shoots an arrow.
The arrow hits you but does no damage.
There is a stone staircase leading up here.
The centaur shoots an arrow.
The arrow hits you but does no damage.
Things that are here:
a +0 robe; a +0 club; a gnoll corpse The centaur shoots an arrow.
The arrow hits you but does no damage.
The centaur zaps a wand.
The bolt of light misses you.
The centaur zaps a wand.
The bolt of light hits you!!
The centaur zaps a wand.
The bolt of light hits you!!
You are confused.
* * * LOW HITPOINT WARNING * * *
You slash the centaur!
The centaur is severely wounded.
The centaur unwields a +0 shortbow.
The centaur wields a +0 quarterstaff.
The centaur hits you but does no damage.
The centaur closely misses you.
The centaur hits you but does no damage.
The centaur kicks you but does no damage.
You feel less confused.
The centaur zaps a wand.
The bolt of light hits you!
You die...

##########
#...<)...######...
#..÷)[....[.......
#..§.....##.......
##.#@.#### .......
#.....# ####...
#....#.#c.# ..
#.##.._...# . #
...#.#..#
.........#
.......#.# .....##
.# ... ..


You could see a centaur.

Vanquished Creatures
  A wyvern (D:4)
  Menkaure (D:6)
  2 black bears (D:5)
  A sky beast (D:6)
  A centaur (D:6)
  A phantom (D:5)
  A kobold brigand (D:5)
  4 scorpions
  A howler monkey (D:6)
  2 hounds (D:4)
  A jelly (D:5)
  2 gnoll boudas
  2 iguanas
  3 orc wizards
  16 gnolls
  6 adders
  A shadow imp (D:6)
  A white imp (D:5)
  6 dart slugs
  7 orcs
  9 ball pythons
  7 endoplasms
  A giant cockroach (D:3)
  6 goblins
  9 hobgoblins
  3 quokkas
  5 bats
  5 frilled lizards
  28 kobolds
  4 rats
137 creatures vanquished.

Vanquished Creatures (others)
  72 plants
72 creatures vanquished.

Grand Total: 209 creatures vanquished

Notes
Turn   | Place    | Note
-------+----------+-------------------------------------------
     0 | D:1      | reriks the Gargoyle Fighter began the quest for the Orb.
     0 | D:1      | Reached XP level 1. HP: 14/14 MP: 1/1
   179 | D:1      | Reached XP level 2. HP: 19/19 MP: 2/2
   621 | D:1      | Found a faded altar of an unknown god.
  1105 | D:2      | Reached XP level 3. HP: 23/23 MP: 3/3
  1157 | D:2      | Found Ceosium's Weapon Shop.
  1188 | D:2      | Reached XP level 4. HP: 13/29 MP: 4/4
  1628 | D:2      | Reached skill level 4 in Shields
  2023 | D:3      | Reached XP level 5. HP: 33/33 MP: 5/5
  2261 | D:3      | Found a stormy altar of Qazlal.
  2279 | D:3      | Became a worshipper of Qazlal Stormbringer
  2740 | D:4      | Found Jumm's Antique Weapon Emporium.
  2758 | D:4      | Found Xenty's Antique Armour Shoppe.
  2816 | D:4      | Found Udeoxt's Armour Shop.
  2946 | D:4      | Found a large runed translucent door.
  2947 | D:4      | Found a large runed translucent door.
  3017 | D:4      | Reached XP level 6. HP: 38/39 MP: 6/6
  3057 | D:4      | Found Dedo's General Store.
  3476 | D:4      | Reached skill level 5 in Fighting
  3476 | D:4      | Reached skill level 5 in Shields
  3565 | D:4      | Found a staircase to the Ecumenical Temple.
  4685 | D:5      | Entered Level 5 of the Dungeon
  4690 | D:5      | Reached skill level 5 in Armour
  4690 | D:5      | Reached XP level 7. HP: 44/44 MP: 7/7
  4754 | D:5      | Identified a scroll of acquirement
  4754 | D:5      | Acquired a manual of Shields
  5047 | D:5      | Reached * piety under Qazlal
  5341 | D:5      | Reached skill level 6 in Shields
  5352 | D:5      | Noticed a wyvern
  5394 | D:4      | Killed a wyvern
  5395 | D:4      | Reached XP level 8. HP: 20/51 MP: 8/8
  5846 | D:5      | Found a bloodstained altar of Trog.
  5926 | D:5      | Reached skill level 7 in Shields
  6178 | D:5      | Found a runed translucent gate.
  6178 | D:5      | Found a runed translucent gate.
  6178 | D:5      | Found a runed translucent gate.
  6178 | D:5      | Noticed zhov's ghost (novice DEHu)
  6736 | D:5      | Reached ** piety under Qazlal
  7017 | D:4      | Bought a runed hat for 224 gold pieces
  7090 | D:6      | Noticed Menkaure
  7090 | D:6      | Found an iron altar of Okawaru.
  7096 | D:6      | Killed Menkaure
  7098 | D:6      | Reached skill level 5 in Axes
  7314 | D:6      | Reached skill level 8 in Shields
  7467 | D:6      | Killed from afar by a centaur

Illustrated notes

Levels and vault maps discovered:
D:1:      wheals_arrival_shading, layout_basic, basic_ecumenical_altar
D:2:      layout_loops_ring, serial_shops, nicolae_diamond_shop
D:3:      layout_basic, mainiacjoe_overflow_boulevard,
          kennysheep_cross_bottleneck, minmay_misc_feat_nine_boxes,
          grunt_decor_resistance, serial_bayou_pond_e
D:4:      layout_loops_corners, jmf_multi_god_temple2,
          minmay_temple_entry_poolview, serial_shops, nicolae_shop_crystal,
          nicolae_shop_waterfront, nicolae_take_the_stairs, kennysheep_mini_moat
D:5:      kennysheep_kobold_camp, layout_rooms, trog_ov_bears_minmay,
          gammafunk_ghost_necromancy, corexii_item_surrounded_by_moat
D:6:      layout_basic, okawaru_metal_pillars_1_2, marbit_many_paths,
          uniq_menkaure

Skill      XL: |  1  2  3  4  5  6  7  8 |
---------------+-------------------------+-----
Axes           | 2 3 4 5 |  5.2
Fighting       | 4 5 6 |  6.9
Shields        | 4 5 6 8 |  8.3
Armour         | 4 5 6 |  6.8

Action                   |  1- 3 |  4- 6 |  7- 9 || total
-------------------------+-------+-------+-------++-------
Melee: War axe           |    65 |   121 |   144 ||   330
Throw: Javelin           |     1 |     8 |     3 ||    12
Evoke: Wand              |     2 |       |       ||     2
  Use: Scroll            |       |     5 |     5 ||    10
       Potion            |       |       |     2 ||     2
 Stab: Invisible         |       |       |     1 ||     1
Armor: Scale mail        |    34 |    57 |    90 ||   181
       Skin              |       |       |     4 ||     4
Dodge: Dodged            |    30 |    50 |    72 ||   152
Block: Buckler           |    11 |    14 |    70 ||    95

Table legend: (Time is in decaauts)
 A = Elapsed time spent in this place.
 B = Non-inter-level travel time spent in this place.
 C = Inter-level travel time spent in this place.
 D = Time resting spent in this place.
 E = Time spent auto-exploring this place.
 F = Levels seen in this place.
 G = Mean time per level.
                   A        B        C        D        E       F      G
               +--------+--------+--------+--------+--------+-----+--------+
         Total |   7600 |   7168 |    432 |   2668 |   3420 |   6 | 1266.7 |
       Dungeon |   7600 |   7168 |    432 |   2668 |   3420 |   6 | 1266.7 |
               +--------+--------+--------+--------+--------+-----+--------+

Top non-repeatable levels by time:
     D:4: 2651 daAuts
     D:5: 2076 daAuts
     D:1: 1040 daAuts
     D:2: 967 daAuts
     D:3: 753 daAuts
     D:6: 111 daAuts
